 Dungeon Crawl Stone Soup version 0.17-a0-469-g696e5a1 (webtiles) character file.

91 Radiman the Digger (level 4, -1/24 HPs)
             Began as a Gargoyle Earth Elementalist on Apr 6, 2015.
             Slain by a hobgoblin
             ... wielding a +0 morningstar
              (8 damage)
             ... on level 2 of the Dungeon.
             The game lasted 00:08:34 (2128 turns).

Radiman the Digger (Gargoyle Earth Elementalist)    Turns: 2128, Time: 00:08:35

Health: -1/24      AC:  6    Str: 12    XL:     4   Next: 57%
Magic:  6/8        EV: 12    Int: 16    God:
Gold:   54         SH:  0    Dex: 10    Spells: 2 memorised, 5 levels left

rFire  . . .     SeeInvis .     l - +1 short sword (freeze)
rCold  . . .     Clarity  .     c - +0 robe
rNeg   + . .     SustAb   .     (no shield)
rPois  ∞         Gourm    .     p - +0 helmet
rElec  +         Spirit   .     (no cloak)
rCorr  .         Warding  .     (no gloves)
rMut   .         Stasis   .     (no boots)
MR     .....                    (no amulet)
Stlth  ++........               (no ring)
                                (no ring)

@: very slightly contaminated, not resistant to hostile enchantments, unstealthy
A: negative energy resistance 1, electricity resistance, unbreathing,
petrification resistance, rot immunity, AC +3
a: no special abilities


You were on level 2 of the Dungeon.
You were not hungry.

You visited 1 branch of the dungeon, and saw 2 of its levels.

You collected 54 gold pieces.

Inventory:

Hand weapons
 l - a +1 short sword of freezing (weapon)
 o - a cursed -1 short sword
Missiles
 b - 114 stones (quivered)
 e - 8 poisoned needles
Armour
 c - a +0 robe (worn)
 p - a +0 helmet (worn)
Jewellery
 r - an uncursed amulet of rage {unknown}
Scrolls
 h - a scroll of enchant armour
 i - a scroll of amnesia
 k - 2 scrolls of remove curse {unknown}
 m - a scroll of recharging {unknown}
 n - a scroll of magic mapping {unknown}
 q - a scroll of teleportation {unknown}
 s - 2 scrolls of identify
Potions
 g - a potion of might {unknown}
 j - 3 potions of cancellation
Books
 d - a book of Geomancy

   Spells                             Type                      Level
   a - Sandblast                      Earth                        1
   b - Stoneskin                      Transmutation/Earth          2
   c - Passwall                       Transmutation/Earth          3
   d - Stone Arrow                    Conjuration/Earth            3
   e - Petrify                        Transmutation/Earth          4
   f - Lee's Rapid Deconstruction     Earth                        5
Comestibles
 a - 2 bread rations
 f - a chunk of flesh


   Skills:
 - Level 0.2 Fighting
 - Level 1.5 Dodging
 - Level 2.1 Stealth
 + Level 2.7 Spellcasting
 - Level 0.7 Transmutations
 * Level 5.6 Earth Magic


You had 5 spell levels left.
You knew the following spells:

 Your Spells              Type           Power        Failure   Level  Hunger
a - Sandblast             Erth           ###...       1%          1    #......
b - Stoneskin             Trmt/Erth      ##......     10%         2    ##.....


Dungeon Overview and Level Annotations

Branches:
Dungeon (2/15)

Altars:


Innate Abilities, Weirdness & Mutations

You are resistant to torment.
Your stone body is resilient (AC +3).
You are immune to poison.
You resist negative energy.
You are resistant to electric shocks.
You can survive without breathing.
You are immune to petrification.
You are immune to rotting.


Message History

* * * LOW HITPOINT WARNING * * *
You hit the hobgoblin but do no damage.
The hobgoblin is severely wounded.
The hobgoblin drinks a potion.
The hobgoblin is healed!
Casting: Sandblast
Confirm with . or Enter, or press ? or * to list all spells.
Aiming: Sandblast
Press: ? - help, Shift-Dir - straight line, f - hobgoblin
Aim: a hobgoblin, wielding a morningstar and wearing a gold dragon armour The blast of sand hits the hobgoblin.
The hobgoblin barely misses you.
Casting: Sandblast
Confirm with . or Enter, or press ? or * to list all spells.
Aiming: Sandblast
Press: ? - help, Shift-Dir - straight line, f/p - hobgoblin
Aim: a hobgoblin, wielding a morningstar and wearing a gold dragon armour You miscast Sandblast.
You are very lightly contaminated with residual magic.
Nothing appears to happen.
The hobgoblin hits you with a morningstar!
You die...

#### #.# ##### ...# #.###...###
##.# #....###..#
##.##########...## ##.####
................# #....#
.#.########.....## ##.##.########
.#.# ##...#.###..##÷....##.. ...#
##..##...#.##.###.##.# .#.#
#.rg@.....##.# #.##.# .#.#
#.##########.###.##)# .#.# ##'##
#.<...##.# ...# ##...##
###.####.. #..## ##.....## ####.#
### ....## ##.......## ##.##.#
#....####........)####...#.######
#.......'.........'..............
#....####.........####...#.######


You could see a hobgoblin and a rat.

Vanquished Creatures
  Robin (D:2)
  2 adders (D:2)
  A worm (D:2)
  An ooze (D:1)
  A ball python (D:1)
  3 giant cockroaches (D:2)
  15 goblins
  6 hobgoblins
  4 kobolds (D:2)
  6 bats
  2 giant newts
  3 jackals (D:2)
  10 rats
55 creatures vanquished.

Notes
Turn   | Place    | Note
--------------------------------------------------------------
     0 | D:1      | Radiman, the Gargoyle Earth Elementalist, began the quest for the Orb.
     0 | D:1      | Reached XP level 1. HP: 10/10 MP: 3/3
   135 | D:1      | Reached skill level 4 in Earth Magic
   193 | D:1      | Reached XP level 2. HP: 13/15 MP: 0/5
   197 | D:1      | Learned a level 2 spell: Stoneskin
   871 | D:2      | Reached XP level 3. HP: 19/19 MP: 2/6
  1004 | D:2      | Reached skill level 5 in Earth Magic
  1378 | D:2      | Noticed Robin
  1494 | D:2      | Killed Robin
  1494 | D:2      | Reached XP level 4. HP: 24/24 MP: 7/7
  2128 | D:2      | Slain by a hobgoblin

Action                   |  1- 3 |  4- 6 || total
-------------------------+-------+-------++-------
Melee: Unarmed           |    46 |       ||    46
       Short sword       |    30 |    52 ||    82
 Cast: Sandblast         |    52 |     2 ||    54
  Use: Scroll            |     3 |       ||     3
 Stab: Sleeping          |     1 |       ||     1
  Eat: Chunk             |     2 |     3 ||     5
